| TOP OF THE 1ST |
|
Toronto Blue Jays batting - Pitching for Montreal Expos : LHP Kyle Schlosschlonghair
|
|
Pitching: LHP Kyle Schlosschlonghair
|
|
|
Batting: SHB Dylan Novakowski
|
0-0: Foul Ball, location: 2F 0-1: Ball 1-1: Foul Ball, location: 2F 1-2: Ball 2-2: SINGLE (Groundball, 6S, EV 74.4 MPH) (infield hit)
|
|
Batting: LHB Gabe White
|
0-0: Ball 1-0: Called Strike 1-1: Swinging Strike 1-2: Fielders Choice at 2nd, 2-6 (Groundball, 13S, EV 66.9 MPH)
|
|
Batting: RHB Ruben Velasco
|
0-0: Ball 1-0: Hit by Pitch Gabe White to second
|
|
Batting: RHB Kirk Arp
|
0-0: Called Strike 0-1: Swinging Strike 0-2: Strikes out swinging
|
|
Batting: LHB Isto Mäyrä
|
0-0: Called Strike 0-1: Ball 1-1: Ground out 4-3 (Groundball, 4, EV 101.9 MPH)
|
| Top of the 1st over - 0 runs, 1 hit, 0 errors, 2 left on base; Toronto 0 - Montreal 0 |
| BOTTOM OF THE 1ST |
|
Montreal Expos batting - Pitching for Toronto Blue Jays : RHP Timo Lantinga
|
|
Pitching: RHP Timo Lantinga
|
|
|
Batting: RHB Robby Juarez
|
0-0: Ball 1-0: SINGLE (Line Drive, 6MD, EV 108.1 MPH)
|
|
Batting: SHB Pete Barutha
|
0-0: Fly out, F7 (Line Drive, 7, EV 91.9 MPH)
|
|
Batting: RHB Mike Salmon
|
0-0: Ball 1-0: Ball 2-0: Called Strike 2-1: SINGLE (Line Drive, 6M, EV 96.2 MPH) Robby Juarez to second Runner from 2nd tries for 3rd, SAFE, throw by CF made to third
|
|
Batting: RHB Hugo Bautista
|
0-0: Ball 1-0: Called Strike 1-1: Fly out, F8 (Flyball, 8LS, EV 91.9 MPH)
|
|
Batting: LHB Steve Anderson
|
0-0: Ball 1-0: Ball 2-0: Ball 3-0: Called Strike 3-1: Swinging Strike 3-2: Strikes out swinging
|
| Bottom of the 1st over - 0 runs, 2 hits, 0 errors, 2 left on base; Toronto 0 - Montreal 0 |
| TOP OF THE 2ND |
|
Toronto Blue Jays batting - Pitching for Montreal Expos : LHP Kyle Schlosschlonghair
|
|
Batting: RHB Cole Zelinski
|
0-0: Called Strike 0-1: Called Strike 0-2: Ground out U3 (Groundball, 34, EV 78.1 MPH)
|
|
Batting: SHB Zory Larikov
|
0-0: Ball 1-0: SOLO HOME RUN (Flyball, 78XD, EV 103.1 MPH), Distance : 406 ft
|
|
Batting: RHB Tommy Mize
|
0-0: Foul Ball, location: 2F 0-1: Ball 1-1: Foul Ball, location: 2F 1-2: Ball 2-2: Foul Ball, location: 2F 2-2: Ball 3-2: Foul Ball, location: 2F 3-2: Base on Balls
|
|
Batting: LHB Jon Schick
|
0-0: Ball 1-0: Ball 2-0: Swinging Strike 2-1: Ball 3-1: Swinging Strike 3-2: Strikes out swinging
|
|
Batting: SHB Dylan Novakowski
|
0-0: Foul Ball, location: 2F 0-1: Fly out, F8 (Flyball, 8LD, EV 98.8 MPH)
|
| Top of the 2nd over - 1 run, 1 hit, 0 errors, 1 left on base; Toronto 1 - Montreal 0 |
| BOTTOM OF THE 2ND |
|
Montreal Expos batting - Pitching for Toronto Blue Jays : RHP Timo Lantinga
|
|
Batting: RHB Martin Chavez
|
0-0: Called Strike 0-1: Foul Ball, location: 2F 0-2: Strikes out swinging
|
|
Batting: RHB Wen-hua Lei
|
0-0: Ball 1-0: Swinging Strike 1-1: Called Strike 1-2: Ground out 4-3 (Groundball, 4S, EV 87.5 MPH)
|
|
Batting: RHB Jesse Basich
|
0-0: Called Strike 0-1: Ground out 1-3 (Groundball, 13, EV 64.4 MPH)
|
| Bottom of the 2nd over - 0 runs, 0 hits, 0 errors, 0 left on base; Toronto 1 - Montreal 0 |
| TOP OF THE 3RD |
|
Toronto Blue Jays batting - Pitching for Montreal Expos : LHP Kyle Schlosschlonghair
|
|
Batting: LHB Gabe White
|
0-0: Ball 1-0: Called Strike 1-1: Foul Ball, location: 2F 1-2: Ball 2-2: Strikes out looking
|
|
Batting: RHB Ruben Velasco
|
0-0: Called Strike 0-1: Called Strike 0-2: Strikes out swinging
|
|
Batting: RHB Kirk Arp
|
0-0: Foul Ball, location: 2F 0-1: Swinging Strike 0-2: Strikes out swinging
|
| Top of the 3rd over - 0 runs, 0 hits, 0 errors, 0 left on base; Toronto 1 - Montreal 0 |
| BOTTOM OF THE 3RD |
|
Montreal Expos batting - Pitching for Toronto Blue Jays : RHP Timo Lantinga
|
|
Batting: SHB Bran Stark
|
0-0: Called Strike 0-1: Ball 1-1: Ground out U3 (Groundball, 3, EV 86.9 MPH)
|
|
Batting: RHB Robby Juarez
|
0-0: Foul Ball, location: 2F 0-1: Ball 1-1: Ball 2-1: Ball 3-1: Foul Ball, location: 2F 3-2: Strikes out swinging
|
|
Batting: SHB Pete Barutha
|
0-0: Ball 1-0: Ball 2-0: SOLO HOME RUN (Flyball, 89XD, EV 98.1 MPH), Distance : 379 ft
|
|
Batting: RHB Mike Salmon
|
0-0: Ball 1-0: Ball 2-0: Fly out, F8 (Line Drive, 8RM, EV 91.2 MPH)
|
| Bottom of the 3rd over - 1 run, 1 hit, 0 errors, 0 left on base; Toronto 1 - Montreal 1 |
| TOP OF THE 4TH |
|
Toronto Blue Jays batting - Pitching for Montreal Expos : LHP Kyle Schlosschlonghair
|
|
Batting: LHB Isto Mäyrä
|
0-0: Ball 1-0: Called Strike 1-1: Swinging Strike 1-2: Ball 2-2: Strikes out swinging
|
|
Batting: RHB Cole Zelinski
|
0-0: Ball 1-0: Swinging Strike 1-1: Fly out, F4 (Popup, 34S, EV 89.4 MPH)
|
|
Batting: SHB Zory Larikov
|
0-0: Called Strike 0-1: Ball 1-1: Ball 2-1: Ground out 3-1 (Groundball, 34, EV 76.9 MPH)
|
| Top of the 4th over - 0 runs, 0 hits, 0 errors, 0 left on base; Toronto 1 - Montreal 1 |
| BOTTOM OF THE 4TH |
|
Montreal Expos batting - Pitching for Toronto Blue Jays : RHP Timo Lantinga
|
|
Batting: RHB Hugo Bautista
|
0-0: Fly out, F5 (Popup, 15, EV 79.4 MPH)
|
|
Batting: LHB Steve Anderson
|
0-0: Called Strike 0-1: Swinging Strike 0-2: Ball 1-2: Ball 2-2: Ball 3-2: SINGLE (Line Drive, 9S, EV 104.4 MPH)
|
|
Batting: RHB Martin Chavez
|
0-0: Foul Ball, location: 2F 0-1: Foul Ball, location: 2F 0-2: Strikes out swinging
|
|
Batting: RHB Wen-hua Lei
|
0-0: Called Strike 0-1: Called Strike 0-2: Strikes out looking
|
| Bottom of the 4th over - 0 runs, 1 hit, 0 errors, 1 left on base; Toronto 1 - Montreal 1 |
| TOP OF THE 5TH |
|
Toronto Blue Jays batting - Pitching for Montreal Expos : LHP Kyle Schlosschlonghair
|
|
Batting: RHB Tommy Mize
|
0-0: Called Strike 0-1: Ball 1-1: DOUBLE (Line Drive, 7LS, EV 91.2 MPH)
|
|
Batting: LHB Jon Schick
|
0-0: Ball 1-0: Ball 2-0: Ground out 6-3 (Groundball, P, EV 85.6 MPH) Tommy Mize to third
|
|
Batting: SHB Dylan Novakowski
|
0-0: Fly out, F6 (Popup, 6M, EV 50.0 MPH)
|
|
Batting: LHB Gabe White
|
0-0: Called Strike 0-1: Foul Ball, location: 2F 0-2: Foul Ball, location: 2F 0-2: Foul Ball, location: 2F 0-2: Ball 1-2: Strikes out swinging
|
| Top of the 5th over - 0 runs, 1 hit, 0 errors, 1 left on base; Toronto 1 - Montreal 1 |
| BOTTOM OF THE 5TH |
|
Montreal Expos batting - Pitching for Toronto Blue Jays : RHP Timo Lantinga
|
|
Batting: RHB Jesse Basich
|
0-0: SINGLE (Groundball, 6S, EV 77.5 MPH) (infield hit)
|
|
Batting: SHB Bran Stark
|
0-0: Foul Ball, location: 2F 0-1: Foul Ball, location: 2F 0-2: Ball 1-2: Foul Ball, location: 2F 1-2: SINGLE (Groundball, 34D, EV 96.2 MPH) Jesse Basich to second Runner from 2nd tries for 3rd, SAFE, throw by RF made at trailing runner, OUT! 9-6
|
|
Batting: RHB Robby Juarez
|
0-0: Ball 1-0: Swinging Strike 1-1: Ball 2-1: Ball 3-1: TRIPLE (Line Drive, 89XD, EV 103.8 MPH) Jesse Basich scores
|
|
Batting: SHB Pete Barutha
|
0-0: Called Strike 0-1: Ball 1-1: Foul Ball, location: 2F 1-2: Foul Ball, location: 2F 1-2: SINGLE (Flyball, 56D, EV 86.2 MPH) Robby Juarez scores
|
|
Batting: RHB Mike Salmon
|
0-0: Swinging Strike 0-1: Ball 1-1: Ball 2-1: Fielders Choice at 2nd, 5-4 (Groundball, 5L, EV 77.5 MPH)
|
|
Batting: RHB Hugo Bautista
|
0-0: Ball 1-0: Called Strike 1-1: Ball 2-1: TRIPLE (Flyball, 8RXD, EV 111.2 MPH) Mike Salmon scores
|
|
Batting: LHB Steve Anderson
|
0-0: Called Strike 0-1: SINGLE (Line Drive, 7S, EV 99.4 MPH) Hugo Bautista scores
|
|
Pitching: LHP Jon Valdovinos
|
|
|
Batting: RHB Martin Chavez
|
0-0: SINGLE (Line Drive, 89M, EV 105.6 MPH) Steve Anderson to second Runner from 2nd tries for 3rd, SAFE, throw by RF made at trailing runner, OUT! 9-6
|
| Bottom of the 5th over - 4 runs, 7 hits, 0 errors, 1 left on base; Toronto 1 - Montreal 5 |
| TOP OF THE 6TH |
|
Toronto Blue Jays batting - Pitching for Montreal Expos : LHP Kyle Schlosschlonghair
|
|
Batting: RHB Ruben Velasco
|
0-0: Called Strike 0-1: Ball 1-1: Foul Ball, location: 2F 1-2: Foul Ball, location: 2F 1-2: Foul Ball, location: 2F 1-2: Foul Ball, location: 2F 1-2: Foul Ball, location: 2F 1-2: Foul Ball, location: 2F 1-2: Strikes out swinging
|
|
Batting: RHB Kirk Arp
|
0-0: Ball 1-0: Foul Ball, location: 2F 1-1: Foul Ball, location: 2F 1-2: Strikes out swinging
|
|
Batting: LHB Isto Mäyrä
|
0-0: Ball 1-0: Ball 2-0: Foul Ball, location: 2F 2-1: Fly out, F8 (Line Drive, 8LD, EV 105.0 MPH)
|
| Top of the 6th over - 0 runs, 0 hits, 0 errors, 0 left on base; Toronto 1 - Montreal 5 |
| BOTTOM OF THE 6TH |
|
Montreal Expos batting - Pitching for Toronto Blue Jays : LHP Jon Valdovinos
|
|
Batting: RHB Wen-hua Lei
|
0-0: Ball 1-0: Called Strike 1-1: Swinging Strike 1-2: Strikes out swinging
|
|
Batting: RHB Jesse Basich
|
0-0: Ball 1-0: Ground out 6-3 (Groundball, 6, EV 78.8 MPH)
|
|
Batting: SHB Bran Stark
|
0-0: Ball 1-0: Ball 2-0: Ground out 5-3 (Groundball, 5, EV 102.5 MPH)
|
| Bottom of the 6th over - 0 runs, 0 hits, 0 errors, 0 left on base; Toronto 1 - Montreal 5 |
| TOP OF THE 7TH |
|
Toronto Blue Jays batting - Pitching for Montreal Expos : LHP Kyle Schlosschlonghair
|
|
Batting: RHB Cole Zelinski
|
0-0: Ball 1-0: Ball 2-0: Foul Ball, location: 2F 2-1: Ball 3-1: Base on Balls
|
|
Batting: SHB Zory Larikov
|
0-0: Ball 1-0: Foul Ball, location: 2F 1-1: Foul Ball, location: 2F 1-2: Ball 2-2: Grounds into double play, 4-6-3 (Groundball, 4MD, EV 86.2 MPH)
|
|
Batting: RHB Tommy Mize
|
0-0: Swinging Strike 0-1: Ball 1-1: Called Strike 1-2: Fly out, F6 (Line Drive, 6, EV 65.6 MPH)
|
| Top of the 7th over - 0 runs, 0 hits, 0 errors, 0 left on base; Toronto 1 - Montreal 5 |
| BOTTOM OF THE 7TH |
|
Montreal Expos batting - Pitching for Toronto Blue Jays : LHP Jon Valdovinos
|
|
Batting: RHB Robby Juarez
|
0-0: Ball 1-0: Ball 2-0: Fly out, F8 (Flyball, 8LM, EV 75.0 MPH)
|
|
Batting: SHB Pete Barutha
|
0-0: Fly out, F8 (Line Drive, 8RM, EV 98.1 MPH)
|
|
Batting: RHB Mike Salmon
|
0-0: Ball 1-0: Swinging Strike 1-1: Ball 2-1: Ball 3-1: Base on Balls
|
|
Batting: RHB Hugo Bautista
|
0-0: Called Strike 0-1: Ball 1-1: Called Strike 1-2: Strikes out swinging
|
| Bottom of the 7th over - 0 runs, 0 hits, 0 errors, 1 left on base; Toronto 1 - Montreal 5 |
| TOP OF THE 8TH |
|
Toronto Blue Jays batting - Pitching for Montreal Expos : LHP Kyle Schlosschlonghair
|
|
Pitching: RHP Jeff Urry
|
|
|
Batting: LHB Jon Schick
|
0-0: Swinging Strike 0-1: Called Strike 0-2: Strikes out looking
|
|
Batting: SHB Dylan Novakowski
|
0-0: Ball 1-0: Called Strike 1-1: Ground out U3 (Groundball, 3S, EV 83.1 MPH)
|
|
Batting: LHB Gabe White
|
0-0: Ball 1-0: Swinging Strike 1-1: Ball 2-1: Ball 3-1: Ground out 6-3 (Groundball, 6MD, EV 106.9 MPH)
|
| Top of the 8th over - 0 runs, 0 hits, 0 errors, 0 left on base; Toronto 1 - Montreal 5 |
| BOTTOM OF THE 8TH |
|
Montreal Expos batting - Pitching for Toronto Blue Jays : LHP Jon Valdovinos
|
|
Batting: LHB Steve Anderson
|
0-0: Ball 1-0: Called Strike 1-1: Ball 2-1: Foul Ball, location: 2F 2-2: Ball 3-2: Foul Ball, location: 2F 3-2: Foul Ball, location: 2F 3-2: Fly out, F9 (Flyball, 9S, EV 90.6 MPH)
|
|
Batting: RHB Martin Chavez
|
0-0: Ground out 6-3 (Groundball, P, EV 89.4 MPH)
|
|
Batting: RHB Wen-hua Lei
|
0-0: Called Strike 0-1: Ball 1-1: Ball 2-1: Ball 3-1: Base on Balls
|
|
Batting: RHB Jesse Basich
|
0-0: Fielders Choice at 2nd, 5-4 (Groundball, 56, EV 100.0 MPH)
|
| Bottom of the 8th over - 0 runs, 0 hits, 0 errors, 1 left on base; Toronto 1 - Montreal 5 |
| TOP OF THE 9TH |
|
Toronto Blue Jays batting - Pitching for Montreal Expos : RHP Jeff Urry
|
|
Batting: RHB Ruben Velasco
|
0-0: Swinging Strike 0-1: Called Strike 0-2: Ball 1-2: Strikes out swinging, 2-3 out at first.
|
|
Batting: RHB Kirk Arp
|
0-0: Ball 1-0: Called Strike 1-1: Foul Ball, location: 2F 1-2: Fly out, F8 (Flyball, 89D, EV 106.9 MPH)
|
|
Batting: LHB Isto Mäyrä
|
0-0: Called Strike 0-1: Ball 1-1: Ball 2-1: Ground out 5-3 (Groundball, 5, EV 88.1 MPH)
|
| Top of the 9th over - 0 runs, 0 hits, 0 errors, 0 left on base; Toronto 1 - Montreal 5 |
|